 Dungeon Crawl Stone Soup version 0.23-a0-119-ga86c9e7f02 (webtiles) character file.

77 Malash the Vexing (level 4, 0/21 HPs)
             Began as a Spriggan Enchanter on Aug 25, 2018.
             Splashed by a jelly's acid (9 damage)
             ... on level 5 of the Dungeon.
             The game lasted 00:06:56 (2648 turns).

Malash the Vexing (Spriggan Enchanter)              Turns: 2648, Time: 00:06:56

Health: 0/21       AC: -6    Str:  4    XL:     4   Next: 13%
Magic:  1/11       EV: 18    Int: 17    God:
Gold:   164        SH:  0    Dex: 16    Spells: 2/11 levels left

rFire    . . .     SeeInvis +   a - +2 dagger
rCold    . . .     Gourm    .   (shield restricted)
rNeg     . . .     Faith    .   b - +0 robe
rPois    .         Spirit   .   (helmet restricted)
rElec    .         Reflect  .   (no cloak)
rCorr    .         Harm     .   (gloves unavailable)
MR       .....                  (boots unavailable)
Stlth    +++.......             (no amulet)
HPRegen  0.07/turn              (no ring)
MPRegen  0.12/turn              (no ring)

@: corroded, very quick
A: very small, unfitting armour, see invisible, herbivore, speed 3, slow
metabolism 2
a: no special abilities


You were on level 5 of the Dungeon.
You were hungry.

You visited 1 branch of the dungeon, and saw 5 of its levels.

You collected 164 gold pieces.

Inventory:

Hand Weapons
 a - a +2 dagger (weapon)
Armour
 b - a +0 robe (worn)
Wands
 f - a wand of disintegration (20)
Scrolls
 c - a scroll of magic mapping
 e - 2 scrolls of teleportation
Potions
 h - 4 potions of curing {unknown}
Comestibles
 d - 5 rations


   Skills:
 - Level 1.1 Short Blades
 - Level 3.0 Dodging
 - Level 4.4 Stealth
 + Level 4.3 Spellcasting
 + Level 5.0 Hexes


You had 2 spell levels left.
You knew the following spells:

 Your Spells              Type           Power        Failure   Level  Hunger
a - Ensorcelled Hibernat  Hex/Ice        ##....       9%          2    ##.....
b - Corona                Hex            ###....      1%          1    None
c - Confuse               Hex            ###.....     6%          3    ###....
d - Tukima's Dance        Hex            ###.....     6%          3    ###....

Your spell library contained the following spells:

 Spells                   Type           Power        Failure   Level  Hunger
 Slow                     Hex            ###.....     3%          2    ##.....
 Magic Dart               Conj           #...         16%         1    None
 Blink                    Tloc           N/A          24%         2    ##.....
 Call Imp                 Summ           #.......     24%         2    ##.....
 Dazzling Spray           Conj/Hex       ##....       16%         3    ###....
 Conjure Flame            Conj/Fire      #.......     43%         3    ###....
 Mephitic Cloud           Conj/Pois/Air  #.......     43%         3    ###....


Dungeon Overview and Level Annotations

Branches:
Dungeon (6/15)
 Temple: D:4-7

Altars:
Kikubaaqudgha


Innate Abilities, Weirdness & Mutations

You are very small and have problems with some larger weapons.
You are too small for most types of armour.
You have supernaturally acute eyesight. (SInv)
You are a herbivore.
You cover ground extremely quickly.
You need to consume almost no food.


Message History

The worker ant zombie misses you.
The centaur skeleton moves out of view.
The jelly quivers.
You hit the worker ant zombie.
The worker ant zombie is heavily damaged.
You hit the worker ant zombie.
The worker ant zombie is heavily damaged.
The worker ant zombie bites itself.
You hit the worker ant zombie.
The worker ant zombie is almost destroyed.
You hit the worker ant zombie.
The worker ant zombie is almost destroyed.
The worker ant zombie bites the jelly.
The worker ant zombie is burned by acid!
The worker ant zombie is destroyed!
Your Hexes skill increases to level 5!
You hit the jelly. The acid corrodes you!
Your hands burn!
The jelly is lightly wounded.
The jelly hits you. The acid corrodes you!
You are splashed with acid!
The acid burns!
You die...

.# ### #.# #.. >.
#<# #.# #.# Z( #
### #.###.# #..
#># #.##J.#
##...##.#####.##@#
#................#
...#.......##.####
#.#Z###.##.# #.#.
#.#..# . .. #.#.##
# Z.# #.#. #.#
#... #? ###.


You could see a jelly and a centaur skeleton.

Vanquished Creatures
  An adder (D:2)
  A worm (D:2)
  3 leopard geckos
  4 giant cockroaches
  4 goblins
  5 hobgoblins
  A ball python (D:1)
  6 bats
  6 frilled lizards
  15 kobolds
  6 rats
  2 rat zombies (D:2)
54 creatures vanquished.

Vanquished Creatures (others)
  A worker ant zombie (D:5)
1 creature vanquished.

Grand Total: 55 creatures vanquished

Notes
Turn   | Place    | Note
-------+----------+-------------------------------------------
     0 | D:1      | Malash the Spriggan Enchanter began the quest for the Orb.
     0 | D:1      | Reached XP level 1. HP: 9/9 MP: 5/5
   372 | D:1      | Reached skill level 4 in Hexes
   453 | D:1      | Reached XP level 2. HP: 13/13 MP: 7/7
   457 | D:1      | Learned a level 2 spell: Ensorcelled Hibernation
  1485 | D:2      | Reached XP level 3. HP: 16/16 MP: 3/9
  1490 | D:2      | Learned a level 3 spell: Confuse
  1494 | D:2      | Learned a level 3 spell: Tukima's Dance
  2208 | D:2      | Found an ancient bone altar of Kikubaaqudgha.
  2483 | D:3      | Reached XP level 4. HP: 18/21 MP: 8/11
  2528 | D:3      | You fall through a shaft for 3 floors!
  2552 | D:6      | Noticed a black bear
  2573 | D:5      | Entered Level 5 of the Dungeon
  2647 | D:5      | Reached skill level 5 in Hexes
  2648 | D:5      | Splashed by a jelly's acid

Vault maps used:
D:1:      minmay_arrival_five_plusses
D:2:      lemuel_zombie_altar_kikubaaqudgha, st_stairs_1
D:3:      overflow_temple_1_default, evilmike_ruin_ashenzari
D:5:      kennysheep_mini_moat, minmay_temple_entry_butterflies, first_ration,
          st_stairs_6, uniq_edmund, uniq_prince_ribbit1,
          uniq_crazy_yiuf_cottage, uniq_pikel
D:6:      grunt_temple_overflow_order_and_chaos_2, grunt_temple_overflow_open

Skill      XL: |  1  2  3  4 |
---------------+-------------+-----
Spellcasting   | 3 4 |  4.3
Hexes          | 4 5 |  5.0
Short Blades   | |  1.1
Dodging        | |  3.0
Stealth        | |  4.4

Action                   |  1- 3 |  4- 6 || total
-------------------------+-------+-------++-------
Melee: Dagger            |   118 |    20 ||   138
 Cast: Corona            |     3 |       ||     3
       Ensorcelled Hiber |    14 |     2 ||    16
       Confuse           |       |     5 ||     5
  Use: Scroll            |     5 |       ||     5
 Stab: Sleeping          |    32 |     1 ||    33
Armor: Robe              |    11 |     1 ||    12
Dodge: Dodged            |    80 |    19 ||    99

Table legend:
 A = Non-vault XP
 B = Vault XP
 C = Vault XP percentage of total XP
 D = Non-vault monster count
 E = Vault monster count
 F = Vault count percentage of total count
                 A         B        C        D         E       F
            +---------+---------+-------+---------+---------+-------
      Total |     106 |       4 |   3.6 |      51 |       4 |   7.3
            +---------+---------+-------+---------+---------+-------
        D:1 |      34 |       0 |   0.0 |      21 |       0 |   0.0
        D:2 |      56 |       4 |   6.7 |      27 |       4 |  12.9
        D:3 |       4 |       0 |   0.0 |       2 |       0 |   0.0
        D:5 |      12 |       0 |   0.0 |       1 |       0 |   0.0
            +---------+---------+-------+---------+---------+-------
